 Dungeon Crawl Stone Soup version 0.23.1 (webtiles) character file.

Game seed: 2301462272539546662

43 redwoodhats the Vexing (level 3, 0/28 HPs)
             Began as a Gnoll Arcane Marksman on Mar 1, 2019.
             Slain by a frilled lizard (3 damage)
             ... on level 2 of the Dungeon.
             The game lasted 00:10:06 (2016 turns).

redwoodhats the Vexing (Gnoll Arcane Marksman)      Turns: 2016, Time: 00:10:06

Health: 0/28       AC:  2    Str: 11 (13) XL:     3   Next: 58%
Magic:  7/7        EV: 14    Int: 12 (15) God:
Gold:   79         SH:  0    Dex: 14 (15) Spells: 6/7 levels left

rFire    . . .     SeeInvis .   h - +0 short sword
rCold    . . .     Gourm    .   (no shield)
rNeg     . . .     Faith    .   e - +0 robe
rPois    .         Spirit   .   (no helmet)
rElec    .         Reflect  .   (no cloak)
rCorr    .         Harm     .   (no gloves)
MR       .....                  (no boots)
Stlth    ++........             (no amulet)
HPRegen  0.09/turn              (no ring)
MPRegen  0.10/turn              (no ring)

@: no status effects
A: distributed training, fangs 1, strong nose
a: no special abilities


You were on level 2 of the Dungeon.
You were not hungry.

You visited 1 branch of the dungeon, and saw 2 of its levels.

You collected 79 gold pieces.

Inventory:

Hand Weapons
 a - a +0 hand crossbow
 h - a +0 short sword (weapon)
Missiles
 d - 16 bolts
Armour
 e - a +0 robe (worn)
 k - a scarf of resistance
Scrolls
 b - a scroll of identify
 g - 4 scrolls of teleportation
 i - 2 scrolls of remove curse
Potions
 c - a potion of ambrosia
 j - 2 potions of berserk rage {unknown}
 l - a potion of curing
Comestibles
 f - 6 rations


   Skills:
 + Level 2.6 Fighting
 + Level 0.8 Short Blades
 + Level 0.8 Long Blades
 + Level 0.8 Axes
 + Level 0.8 Maces & Flails
 + Level 0.8 Polearms
 + Level 0.8 Staves
 + Level 0.8 Slings
 + Level 0.8 Bows
 + Level 4.5 Crossbows
 + Level 0.8 Throwing
 + Level 0.8 Armour
 + Level 4.5 Dodging
 + Level 0.8 Stealth
 + Level 0.8 Shields
 + Level 0.8 Unarmed Combat
 + Level 2.8 Spellcasting
 + Level 0.5 Conjurations
 + Level 5.4 Hexes
 + Level 0.5 Charms
 + Level 0.5 Summonings
 + Level 0.5 Necromancy
 + Level 0.5 Translocations
 + Level 0.5 Transmutations
 + Level 0.5 Fire Magic
 + Level 0.5 Ice Magic
 + Level 0.5 Air Magic
 + Level 0.5 Earth Magic
 + Level 0.5 Poison Magic
 + Level 1.0 Invocations
 + Level 0.8 Evocations


You had 6 spell levels left.
You knew the following spells:

 Your Spells              Type           Power        Failure   Level  Hunger
a - Corona                Hex            ##.....      2%          1    #......

Your spell library contained the following spells:

 Spells                   Type           Power        Failure   Level  Hunger
 Slow                     Hex            ##......     4%          2    ###....
 Inner Flame              Hex/Fire       #.......     22%         3    ###....
 Portal Projectile        Hex/Tloc       #.....       22%         3    ###....
 Cause Fear               Hex            ##........   26%         4    #####..
 Leda's Liquefaction      Hex/Erth       #.........   58%         4    #####..


Dungeon Overview and Level Annotations

Branches:
Dungeon (2/15)

Altars:
Makhleb
Trog
Zin
The Shining One


Innate Abilities, Weirdness & Mutations

Your experience applies equally to all skills.
You have very sharp teeth.
Your uncanny sense of smell can sniff out nearby items.


Message History

An ooze comes into view.
You hit the hobgoblin but do no damage.
The hobgoblin is heavily wounded.
The hobgoblin hits you with a +0 club.
* * * LOW HITPOINT WARNING * * *
The frilled lizard closely misses you.
You hit the hobgoblin. You bite the hobgoblin.
You kill the hobgoblin!
The frilled lizard barely misses you.
You closely miss the frilled lizard. The frilled lizard bites you.
* * * LOW HITPOINT WARNING * * *
The frilled lizard misses you.
You completely miss the frilled lizard. The frilled lizard bites you.
* * * LOW HITPOINT WARNING * * *
The frilled lizard bites you.
* * * LOW HITPOINT WARNING * * *
You closely miss the frilled lizard. The frilled lizard bites you.
* * * LOW HITPOINT WARNING * * *
The frilled lizard bites you.
You die...

.#.# ...# #.## #.##### #
#+## ......# #. #.$.#
#.###.# #.###### #.....
#.# #.# #......# #......
..###.######....###.......
................@l'.......
..###.######...l###.......
#.# #># ##.#.# #......
#.###.# ###J# #.....
......# #.# #...# #.#####
#.# #+## #.# ... #.# #.#
#.#


You could see an ooze and 2 frilled lizards.

Vanquished Creatures
  An ooze (D:2)
  2 leopard geckos
  2 bats
  7 goblins
  3 hobgoblins
  4 jackals (D:2)
  4 kobolds
  2 frilled lizards (D:2)
  12 rats
37 creatures vanquished.

Notes
Turn   | Place    | Note
-------+----------+-------------------------------------------
     0 | D:1      | redwoodhats the Gnoll Arcane Marksman began the quest for
                  | the Orb.
     0 | D:1      | Reached XP level 1. HP: 17/17 MP: 4/4
   244 | D:1      | Reached XP level 2. HP: 23/23 MP: 3/5
  1277 | D:2      | Reached XP level 3. HP: 28/28 MP: 7/7
  1430 | D:2      | Found a glowing golden altar of the Shining One.
  1782 | D:2      | Found a burning altar of Makhleb.
  1782 | D:2      | Found a bloodstained altar of Trog.
  1782 | D:2      | Found a glowing silver altar of Zin.
  1869 | D:2      | Reached skill level 1 in Invocations
  2016 | D:2      | Slain by a frilled lizard

Skill      XL: |  1  2  3 |
---------------+----------+-----
Invocations    | 1 |  1.0
Fighting       | |  2.6
Short Blades   | |  0.8
Long Blades    | |  0.8
Axes           | |  0.8
Maces & Flails | |  0.8
Polearms       | |  0.8
Staves         | |  0.8
Slings         | |  0.8
Bows           | |  0.8
Crossbows      | |  4.5
Throwing       | |  0.8
Armour         | |  0.8
Dodging        | |  4.5
Stealth        | |  0.8
Shields        | |  0.8
Unarmed Combat | |  0.8
Spellcasting   | |  2.8
Conjurations   | |  0.5
Hexes          | |  5.4
Charms         | |  0.5
Summonings     | |  0.5
Necromancy     | |  0.5
Translocations | |  0.5
Transmutations | |  0.5
Fire Magic     | |  0.5
Ice Magic      | |  0.5
Air Magic      | |  0.5
Earth Magic    | |  0.5
Poison Magic   | |  0.5
Evocations     | |  0.8

Action                   || total
-------------------------++-------
Melee: Unarmed           ||     8
       Short sword       ||    38
       Bite              ||     3
 Fire: Hand crossbow     ||    50
 Cast: Corona            ||    10
  Use: Potion            ||     3
       Scroll            ||     2
  Eat: Ration            ||     1
Armor: Robe              ||     8
Dodge: Dodged            ||    74
